 Dungeon Crawl Stone Soup version 0.28.0 (webtiles) character file.

Game seed: 6325635997982081626

25 Asparus the Conjurer (level 2, -2/21 HPs)
             Began as a Demonspawn Conjurer on Feb 17, 2022.
             Slain by an orc priest (4 damage)
             ... on level 2 of the Dungeon.
             The game lasted 00:02:14 (1851 turns).

Asparus the Conjurer (Demonspawn Conjurer)          Turns: 1851, Time: 00:02:14

Health: -2/21      AC:  2    Str:  7    XL:     2   Next: 86%
Magic:  0/5        EV: 12    Int: 19    God:
Gold:   72         SH:  0    Dex: 11    Spells: 2/5 levels left

rFire   . . .      SeeInvis .   d - +0 dagger
rCold   . . .      Faith    .   (no shield)
rNeg    . . .      Spirit   .   a - +0 robe
rPois   +          Reflect  .   (no helmet)
rElec   .          Harm     .   (no cloak)
rCorr   .          Rampage  .   (no gloves)
Will    .....                   (no boots)
Stlth   ++........              (no amulet)
HPRegen 0.07/turn               b - ring of poison resistance
MPRegen 0.09/turn               (no ring)

@: no status effects
A: weakness stinger 1
a: no special abilities


You were on level 2 of the Dungeon.
You visited 1 branch of the dungeon, and saw 3 of its levels.

You collected 72 gold pieces.

Inventory:

Hand Weapons
 d - a +0 dagger (weapon)
Armour
 a - a +0 robe (worn)
Jewellery
 b - a ring of poison resistance (left hand)
Potions
 f - a potion of brilliance


   Skills:
 + Level 1.1 Fighting
 - Level 2.0 Dodging
 - Level 2.0 Stealth
 + Level 2.3 Spellcasting
 + Level 4.2 Conjurations


You had 2 spell levels left.
You knew the following spells:

 Your Spells              Type           Power      Damage    Failure   Level
a - Magic Dart            Conj           72%        1d6       2%          1
b - Searing Ray           Conj           36%        2d5       4%          2

Your spell library contained the following spells:

 Spells                   Type           Power      Damage    Failure   Level
 Beastly Appendage        Tmut           4%         N/A       17%         1
 Wereblood                Tmut           2%         N/A       26%         2
 Dazzling Flash           Conj/Hex       20%        N/A       21%         3
 Spider Form              Tmut/Pois      2%         N/A       45%         3
 Flame Wave               Conj/Fire      10%        2d5       56%         4
 Fulminant Prism          Conj/Hex       5%         3d7       56%         4
 Iskenderun's Mystic Bla  Conj/Tloc      10%        2d4       56%         4


Dungeon Overview and Level Annotations

Branches:
Dungeon (3/15)

Altars:
Kikubaaqudgha


Innate Abilities, Weirdness & Mutations

You have a small tail.


Message History

You hit the orc priest but do no damage.
The orc priest barely misses you.
You barely miss the orc priest.
The orc priest hits you with a +0 hand axe.
You hit the orc priest but do no damage.
The orc priest miscasts a cantrip.
You hit the orc priest.
The orc priest is lightly wounded.
The orc priest hits you with a +0 hand axe.
You are too injured to fight recklessly!
The orc priest barely misses you.
You climb upwards.
There is a stone staircase leading down here.
You closely miss the orc priest.
The orc priest is lightly wounded.
The orc priest invokes the aid of Beogh against you.
Pain shoots through your body!
You are too injured to fight recklessly!
You are too injured to fight recklessly!
You are too injured to fight recklessly!
As you read the scroll labelled QEHUANWAUNT, it crumbles to dust.
It is a scroll of identify.
f - a potion of brilliance The orc priest hits you with a +0 hand axe!
* * * LOW HITPOINT WARNING * * *
Casting: Magic Dart (safe; 2% risk of failure)
Confirm with . or Enter, or press ? or * to list all spells.
Aiming: Magic Dart (safe; 2% risk of failure)
Press: ? - help, Shift-Dir - straight line, f - orc priest
Aim: an orc priest, wielding a +0 hand axe and wearing a +0 ring mail (lightly wounded, 100% to hit)
The magic dart hits the orc priest.
The orc priest is moderately wounded.
The orc priest closely misses you.
You are too injured to fight recklessly!
You are too injured to fight recklessly!
You hit the orc priest but do no damage.
You tail-slap the orc priest, but do no damage.
The orc priest is moderately wounded.
The orc priest hits you with a +0 hand axe.
You die...

#....♣.♣..######.#.#
#........## #.#.#
#...#...## #.#.#
#...#..#########.#.###
#...'..........#.#....
#...##########.#.#####
#...# #####'#......
#...######......######
###...#@...'............
#.....#o####.......#....
#........# #.......#.###
#...###..###.......#.###
#...###....+............
#...+..#.###......##.#.#
#...##.#.# #......##.#..
#...+.<#.# ##...........
#...##.#.# ###.........


You could see an orc priest.

Vanquished Creatures
  A dart slug (D:1)
  5 bats
  An endoplasm (D:1)
  A giant cockroach (D:3)
  2 goblins
  3 hobgoblins
  3 kobolds
  2 frilled lizards (D:2)
  5 rats
23 creatures vanquished.

Notes
Turn   | Place    | Note
-------+----------+-------------------------------------------
     0 | D:1      | Asparus the Demonspawn Conjurer began the quest for the
                  | Orb.
     0 | D:1      | Reached XP level 1. HP: 13/13 MP: 3/3
   421 | D:1      | Gained mutation: You have a small tail. [demonic ancestry]
   421 | D:1      | Reached XP level 2. HP: 20/20 MP: 3/5
   920 | D:2      | Found an ancient bone altar of Kikubaaqudgha.
   923 | D:2      | Found a faded altar of an unknown god.
  1282 | D:2      | Got Zaomouth's Tome of Arcane Weapons
  1322 | D:2      | Learned a level 2 spell: Searing Ray
  1341 | D:2      | Reached skill level 1 in Fighting
  1851 | D:2      | Slain by an orc priest

Illustrated notes

Levels and vault maps discovered:
D:1:      dpeg_arrival_windows_large_door, layout_basic, grunt_decor_arrowhead
D:2:      layout_basic, basic_altar, hellmonk_ecumenical_altar_run_dry,
          grunt_ministairs_9
D:3:      layout_rooms, solitary_fountain

Skill      XL: |  1  2 |
---------------+-------+-----
Stealth        | 2 |  2.0
Dodging        | 2 |  2.0
Fighting       | 1 |  1.1
Spellcasting   | |  2.3
Conjurations   | |  4.2

Action                   || total
-------------------------++-------
Melee: Unarmed           ||     4
       Dagger            ||    15
       Punch             ||     1
       Tailslap          ||     2
 Cast: Magic Dart        ||    46
  Use: Scroll            ||     5
Armor: Robe              ||     2
Dodge: Dodged            ||    13
